 Dungeon Crawl Stone Soup version 0.29-a0-925-g0a7a3d12f8 (webtiles) character file.

Game seed: 17839948540301287883

576 Essalna the Insei (level 7, -2/46 HPs)
             Began as an Octopode Transmuter on July 29, 2022.
             Was an Initiate of Gozag.
             Slain by an ice beast (8 damage)
             ... on level 6 of the Dungeon.
             The game lasted 00:07:50 (5751 turns).

Essalna the Insei (Octopode Transmuter)             Turns: 5751, Time: 00:07:51

Health: -2/46      AC:  1    Str: 10    XL:     7   Next: 35%
Magic:  10/10      EV: 14    Int: 15    God:    Gozag
Gold:   330        SH:  0    Dex: 14    Spells: 5/10 levels left

rFire   . . .      SeeInvis .     - Unarmed
rCold   . . .      Faith    .   (no shield)
rNeg    + . .      Spirit   .   (helmet currently unavailable)
rPois   .          Reflect  .   (no amulet)
rElec   .          Harm     .   n - ring of positive energy
rCorr   .          Rampage  .   (no ring)
Will    .....                   (no ring)
Stlth   ++++......              (no ring)
HPRegen 0.15/turn               (no ring)
MPRegen 0.12/turn               (no ring)
                                (no ring)
                                (no ring)

@: appendages
A: tentacle spike 3, almost no armour, amphibious, 8 rings, camouflage 1,
gelatinous body 1, (nimble swimmer 1), tentacles
a: End Transformation, Renounce Religion, Potion Petition, Call Merchant, Bribe
Branch


You were on level 6 of the Dungeon.
You worshipped Gozag.
Gozag was aware of your devotion.
One of your tentacles had grown a beastly spike.
You visited 2 branches of the dungeon, and saw 7 of its levels.

You collected 407 gold pieces.
You paid 77 gold pieces to Gozag.

Inventory:

Jewellery
 n - a ring of positive energy (left tentacle)
 r - a ring of fire
Wands
 i - a wand of digging (4)
 q - a wand of charming (10)
Scrolls
 b - 4 scrolls of teleportation {unknown}
 c - a scroll of enchant weapon {unknown}
 d - a scroll of identify {unknown}
 e - 2 scrolls of immolation {unknown}
 k - 2 scrolls of poison {unknown}
 l - a scroll of fear {unknown}
 p - a scroll of enchant armour {unknown}
Potions
 a - 2 potions of lignification
 f - a potion of flight {unknown}
 g - a potion of magic {unknown}
 h - a potion of resistance {unknown}
 j - a potion of mutation {unknown}
 m - 3 potions of curing
 o - 2 potions of haste {unknown}
 s - a potion of degeneration {unknown}
 t - a potion of might {unknown}
 u - a potion of heal wounds {unknown}


   Skills:
 + Level 3.1 Fighting
 + Level 3.7 Dodging
 + Level 4.1 Stealth
 + Level 4.3 Unarmed Combat
 - Level 2.0 Spellcasting
 + Level 3.7 Transmutations
 + Level 2.4 Ice Magic


You had 5 spell levels left.
You knew the following spells:

 Your Spells              Type           Power      Damage    Failure   Level
a - Beastly Appendage     Tmut           24%        N/A       4%          1
b - Ice Form              Ice/Tmut       10%        N/A       52%         4

Your spell library contained the following spells:

 Spells                   Type           Power      Damage    Failure   Level
 Wereblood                Tmut           12%        N/A       8%          2
 Spider Form              Tmut/Pois      7%         N/A       30%         3
 Confusing Touch          Hex            1%         N/A       54%         3
 Yara's Violent Unravell  Hex/Tmut       3%         3d4       96%         5
 Enfeeble                 Hex            0%         N/A       100%        7


Dungeon Overview and Level Annotations

Branches:
Dungeon (6/15)             Temple (1/1) D:4

Altars:
Dithmenos
Gozag
Nemelex Xobeh
Ru
Sif Muna
Uskayaw
Zin
The Shining One


Innate Abilities, Weirdness & Mutations

One of your tentacles has grown a beastly spike.
You cannot wear most types of armour.
You are amphibious.
You can wear up to eight rings at the same time.
Your skin changes colour to match your surroundings (Stealth+).
Your rubbery body absorbs attacks. (AC +1, EV +1)
((You are camouflaged when in or above water. (Stealth+)))
You have tentacles for arms and can constrict up to eight enemies at once.


Message History

You destroy the wight!
Your life force feels restored.
You now have 330 gold pieces (gained 6).
Things that are here:
a +2 vampiric spear; a +0 robe Your magical contamination has completely faded away.
There is a stone staircase leading up here.
An ice beast comes into view.
One of your tentacles grows a vicious spike.
You barely miss the ice beast.
You pierce the ice beast.
You squeeze the ice beast, but do no damage.
The ice beast is lightly wounded.
The ice beast hits you. The ice beast freezes you!
You barely miss the ice beast.
Your tentacle spike misses the ice beast.
The ice beast is lightly wounded.
The ice beast barely misses you.
You tentacle-slap the ice beast but do no damage.
You pierce the ice beast, but do no damage.
Your squeeze misses the ice beast.
The ice beast is lightly wounded.
The ice beast misses you.
You barely miss the ice beast. Your squeeze misses the ice beast.
The ice beast is lightly wounded.
The ice beast hits you. The ice beast freezes you.
You tentacle-slap the ice beast but do no damage.
Your tentacle spike misses the ice beast.
You squeeze the ice beast, but do no damage.
The ice beast is lightly wounded.
The ice beast hits you.
* * * LOW HITPOINT WARNING * * *
The ice beast freezes you!
* * * LOW HITPOINT WARNING * * *
Okay, then.
Okay, then.
It was a potion of curing.
You feel better. The ice beast hits you.
* * * LOW HITPOINT WARNING * * *
The ice beast freezes you!
You die...
Your body crumbles into a pile of gold.

#z..z..# ##...###
####.#### ##.....
#.......# #..###
#.##.##.# ####..##.
#.##.##.###........
#)##...............
#.#####.###........
#<#####[# #.#......
#.@Y..[.# #.##..#..
######### #........
######### #


You could see an ice beast.

Vanquished Creatures
  A phantom (D:5)
  A scorpion (D:5)
  A necrophage (D:4)
  3 wights (D:6)
  A hound (D:4)
  A jelly (D:5)
  Jessica (D:2)
  An iguana (D:5)
  A gnoll (D:5)
  2 adders
  2 worms
  5 dart slugs
  2 orcs
  6 endoplasms
  3 giant cockroaches
  4 goblins
  5 hobgoblins
  4 jackals (D:4)
  2 kobolds
  7 quokkas
  4 ball pythons
  4 bats
  4 frilled lizards
  28 rats
93 creatures vanquished.

Notes
Turn   | Place    | Note
-------+----------+-------------------------------------------
     0 | D:1      | Essalna the Octopode Transmuter began the quest for the
                  | Orb.
     0 | D:1      | Reached XP level 1. HP: 13/13 MP: 3/3
   189 | D:1      | Reached XP level 2. HP: 18/18 MP: 3/5
   262 | D:1      | Reached skill level 1 in Stealth
   276 | D:1      | Found a faded altar of an unknown god.
   760 | D:1      | Reached XP level 3. HP: 22/23 MP: 4/6
   994 | D:2      | Identified the +2 robe of the Lizard {MP+9 Str+3}
  1326 | D:2      | Identified the +5 scimitar "Fyakilaurr" {vamp, Will+}
  1529 | D:2      | Noticed Jessica
  1533 | D:2      | Killed Jessica
  1534 | D:2      | Reached XP level 4. HP: 26/29 MP: 5/7
  1980 | D:2      | Learned a level 4 spell: Ice Form
  3038 | D:4      | Reached XP level 5. HP: 34/34 MP: 6/8
  3115 | D:4      | Found a staircase to the Ecumenical Temple.
  3127 | Temple   | Entered the Ecumenical Temple
  3304 | Temple   | Became a worshipper of Gozag Ym Sagoz the Greedy
  3478 | D:4      | Reached skill level 1 in Ice Magic
  4074 | D:5      | Entered Level 5 of the Dungeon
  4074 | D:5      | Noticed a phantom
  4084 | D:5      | Killed a phantom
  4085 | D:5      | Reached XP level 6. HP: 38/41 MP: 9/9
  5457 | D:6      | Reached XP level 7. HP: 24/46 MP: 8/10
  5751 | D:6      | Slain by an ice beast

Illustrated notes

Levels and vault maps discovered:
D:1:      dpeg_arrival_rhombus, layout_basic, shapermc_ecumenical_altar_venn,
          kennysheep_small_spiral, serial_bayou_crossing
D:2:      layout_loops_cross, minmay_rat_hole, uniq_jessica
D:3:      layout_rooms, roderic_serpentine_path
D:4:      layout_basic, minmay_temple_entry_sparse_star
D:5:      layout_loops_corners
D:6:      minmay_octagon_keep, layout_loops_corners, serial_shops,
          nicolae_square_shop, kennysheep_cross_bottleneck,
          nicolae_shop_i_like_big_books, uniq_blork_the_orc
Temple:   nicolae_temple_figure_eight

Skill      XL: |  1  2  3  4  5  6  7 |
---------------+----------------------+-----
Stealth        | 1 2 3 4 |  4.1
Fighting       | 2 3 |  3.1
Ice Magic      | 1 2 |  2.4
Dodging        | 3 |  3.7
Transmutations | 3 |  3.7
Unarmed Combat | 4 |  4.3
Spellcasting   | |  2.0

Action                   |  1- 3 |  4- 6 |  7- 9 || total
-------------------------+-------+-------+-------++-------
Melee: Unarmed           |    56 |   125 |    15 ||   196
       Constrict         |    20 |    33 |     2 ||    55
       Tentacles         |     8 |    21 |     5 ||    34
       Kick              |    18 |    32 |     3 ||    53
       Punch             |     2 |     4 |       ||     6
 Cast: Beastly Appendage |    24 |    19 |     1 ||    44
  Use: Potion            |       |       |     1 ||     1
 Stab: Sleeping          |     8 |     8 |       ||    16
Armor: Skin              |     4 |     5 |       ||     9
Dodge: Dodged            |    35 |    54 |     8 ||    97

Table legend: (Time is in decaauts)
 A = Elapsed time spent in this place.
 B = Non-inter-level travel time spent in this place.
 C = Inter-level travel time spent in this place.
 D = Time resting spent in this place.
 E = Time spent auto-exploring this place.
 F = Levels seen in this place.
 G = Mean time per level.
                   A        B        C        D        E       F      G
               +--------+--------+--------+--------+--------+-----+--------+
         Total |   5741 |   5558 |    183 |    209 |   4511 |   7 |  820.1 |
       Dungeon |   5552 |   5382 |    170 |    209 |   4339 |   6 |  925.3 |
        Temple |    188 |    175 |     13 |      0 |    172 |   1 |  188.0 |
               +--------+--------+--------+--------+--------+-----+--------+

Top non-repeatable levels by time:
     D:5: 1401 daAuts
     D:2: 1255 daAuts
     D:1: 931 daAuts
     D:4: 884 daAuts
     D:3: 806 daAuts
     D:6: 273 daAuts
  Temple: 188 daAuts
